[Event "Team 45 45 League T51"]
[Site "Internet Chess Club"]
[Date "2012.01.15"]
[Round "9"]
[White "eurander"]
[Black "Boromir"]
[Result "1-0"]
[WhiteElo "2188"]
[BlackElo "1927"]
[Opening "Caro-Kann: Steinitz variation"]
[ECO "B17"]
[Time "08:05:05"]
[TimeControl "2700+45"]

1. e4 c6 2. d4 d5 3. Nc3 dxe4 4. Nxe4 Nd7 5. Nf3 Ngf6 6. Nc3 e6 7. Bf4 Be7 8. g3
Nd5 9. Nxd5 exd5 10. Bg2 O-O 11. O-O Nf6 12. Qd3 Re8 13. Rfe1 h6 14. Re2 Bg4 15.
Rae1 Bb4 16. Rxe8+ Nxe8 17. c3 Bf8 18. Ne5 Be6 19. Ng6 Bd6 20. Bxd6 Qxd6 21. Nf4
Bd7 22. Qe3 Nf6 23. Qe5 Qxe5 24. dxe5 Re8 25. Nd3 Nh7 26. f4 Nf8 27. Nc5 Bc8 28.
Kf2 Nd7 29. Nxd7 Bxd7 30. b4 a6 31. Ke3 Kf8 32. Kd4 Ke7 33. a4 Kd8 34. b5 axb5
35. axb5 Kc7 36. Ra1 f6 37. bxc6 fxe5+ 38. fxe5 bxc6 39. Ra7+ Kd8 40. Bf3 Re7
41. Bd1 Be8 42. Ra8+ Kc7 43. Bg4 Bd7 44. Ra7+ Kd8 45. Bxd7 Rxd7 46. Ra6 Rc7 47.
e6 Ke7 48. Ke5 h5 49. Ra8 Rb7 50. Rg8 Rb2 51. Rxg7+ Kf8 52. Rf7+ Ke8 53. Kd6 c5
54. Rc7 Rb6+ 55. Kxd5 Rb2 56. Kxc5 Rxh2 57. Rg7 Rg2 58. c4 h4 59. Kd6 Rd2+ 60.
Kc6 hxg3 61. Rxg3 Ke7 62. Re3 Rc2 63. c5 Rc1 64. Kb6 Rb1+ 65. Kc7 Rc1 66. c6 Rc2
67. Kb7 Rb2+ 68. Kc8 Rc2 69. c7 Rc1 70. Re5 Rc2 71. Kb7 Rb2+ 72. Kc6 {Black
resigns} 1-0

[Event "Team 45 45 League T51"]
[Site "Internet Chess Club"]
[Date "2012.01.16"]
[Round "9"]
[White "Warpdrive"]
[Black "crimsonviper"]
[Result "0-1"]
[WhiteElo "1598"]
[BlackElo "1846"]
[Opening "Ruy Lopez: closed, Bogolyubov variation"]
[ECO "C91"]
[Time "22:00:11"]
[TimeControl "2700+45"]

1. e4 e5 2. Nf3 Nc6 3. Bb5 a6 4. Ba4 Nf6 5. O-O Be7 6. Re1 b5 7. Bb3 d6 8. c3
O-O 9. d4 Bg4 10. d5 Na5 11. Bc2 c6 12. dxc6 Nxc6 13. Bg5 Qc7 14. Nbd2 Rac8 15.
Rc1 Rfd8 16. h3 Be6 17. Qe2 Nh5 18. Be3 Nf4 19. Bxf4 exf4 20. Bb3 Ne5 21. Nxe5
dxe5 22. Bxe6 fxe6 23. Nf3 Qc4 24. Qxc4 bxc4 25. Rcd1 Bf6 26. Kf1 Kf7 27. Ke2
Ke7 28. Rxd8 Rxd8 29. Rd1 Rxd1 30. Kxd1 Kd6 31. g4 Bd8 32. b4 a5 33. a3 Bb6 34.
Nd2 Bxf2 35. Nxc4+ Kc6 36. Nxe5+ Kb5 37. Nd3 Be3 38. Nb2 axb4 39. axb4 f3 40. h4
Bc1 41. c4+ Kxb4 42. Nd3+ Kxc4 43. Nxc1 Kd4 44. e5 Kxe5 45. Ke1 Kf4 46. g5 e5
47. Kf2 e4 48. Nb3 e3+ 49. Kf1 Kg4 50. Nd4 g6 51. Nc2 Kf4 52. Ne1 Kg3 53. Nd3
Kxh4 54. Ne5 Kg3 55. Nd3 Kg4 56. Ne5+ Kf4 57. Nd3+ Kxg5 {White resigns} 0-1

[Event "Team 45 45 League T51"]
[Site "Internet Chess Club"]
[Date "2012.01.15"]
[Round "9"]
[White "jps7"]
[Black "kidcobra"]
[Result "0-1"]
[WhiteElo "1702"]
[BlackElo "1652"]
[Opening "Queen's pawn game, Rubinstein (Colle-Zukertort) variation"]
[ECO "D05"]
[Time "13:15:46"]
[TimeControl "2700+45"]

1. d4 d5 2. Nf3 Nf6 3. e3 e6 4. Bd3 c5 5. b3 Nc6 6. a3 cxd4 7. exd4 Bd6 8. O-O
h6 9. Bb2 O-O 10. Nbd2 Re8 11. Ne5 Qc7 12. f4 Ne7 13. Rc1 Nf5 14. c4 Ne3 15. Qe2
Nxf1 16. Kxf1 Qd8 17. c5 Bxe5 18. fxe5 Nh7 19. Nf3 Ng5 20. Qe3 Nxf3 21. Qxf3 f6
22. Bg6 Rf8 23. Kg1 fxe5 24. Qg3 e4 25. Re1 Qf6 26. Bh5 Bd7 27. Be2 Qf4 28. Qc3
Qf2+ 29. Kh1 Qxe2 30. Rxe2 Rf1# {White checkmated} 0-1

[Event "Team 45 45 League T51"]
[Site "Internet Chess Club"]
[Date "2012.01.15"]
[Round "9"]
[White "Sir-Sinister"]
[Black "SlimeDog2"]
[Result "0-1"]
[WhiteElo "1886"]
[BlackElo "2107"]
[Opening "Dunst (Sleipner, Heinrichsen) opening"]
[ECO "A00"]
[Time "20:34:23"]
[TimeControl "2700+45"]

1. Nc3 d5 2. e4 d4 3. Nce2 c5 4. Ng3 Nc6 5. Bc4 Nf6 6. Nf3 h5 7. e5 h4 8. exf6
hxg3 9. fxg3 gxf6 10. c3 Qc7 11. Qb3 e6 12. O-O Bd6 13. cxd4 cxd4 14. d3 Bd7 15.
Bd2 Ke7 16. Rae1 Rh5 17. Nh4 Ne5 18. Bf4 b5 19. Bxb5 Rb8 20. a4 a6 21. Qd1 Rxh4
22. Bxd7 Rh7 23. Bxe6 fxe6 24. Qe2 Qb7 25. Bxe5 Bxe5 26. Rxf6 Bxf6 27. Qxe6+ Kf8
28. Qxf6+ Kg8 29. Re4 Rg7 30. Qe6+ Qf7 31. Qxa6 Rg6 32. Qa7 {White resigns} 0-1

[Event "Team 45 45 League T51"]
[Site "Internet Chess Club"]
[Date "2012.01.12"]
[Round "9"]
[White "Eyechess"]
[Black "Freitac"]
[Result "1-0"]
[WhiteElo "2045"]
[BlackElo "1828"]
[Opening "Caro-Kann: exchange variation"]
[ECO "B13"]
[Time "12:00:06"]
[TimeControl "2700+45"]

1. e4 c6 2. d4 d5 3. exd5 cxd5 4. Bd3 Nc6 5. c3 Qc7 6. Ne2 Bg4 7. f3 Bd7 8. Na3
a6 9. Nc2 e5 10. O-O Bd6 11. Ne3 exd4 12. Nxd5 Bxh2+ 13. Kh1 Qe5 14. Re1 O-O-O
15. Nb6+ Kc7 16. Nf4 Qd6 17. Nc4 Bxf4 18. Nxd6 Bxd6 19. cxd4 Nxd4 20. Bxa6 Bc6
21. Qxd4 bxa6 22. Qxg7 Ne7 23. Bg5 Rhg8 24. Rxe7+ Kc8 25. Qc3 {Black resigns}
1-0

[Event "Team 45 45 League T51"]
[Site "Internet Chess Club"]
[Date "2012.01.13"]
[Round "9"]
[White "Kheeljoi"]
[Black "puma"]
[Result "1-0"]
[WhiteElo "1849"]
[BlackElo "1610"]
[Opening "Caro-Kann defense"]
[ECO "B10"]
[Time "22:00:19"]
[TimeControl "2700+45"]

1. e4 c6 2. g3 d5 3. exd5 cxd5 4. Nf3 Nf6 5. d3 Nc6 6. Bg2 Bg4 7. h3 Bh5 8. O-O
e6 9. Be3 Be7 10. c3 O-O 11. Nbd2 h6 12. Qc2 Bg6 13. Nb3 Rc8 14. Rad1 b6 15. Qe2
Re8 16. Nbd4 Nxd4 17. Bxd4 Bc5 18. Be5 Be7 19. Nd2 Bd6 20. f4 Qe7 21. Kh2 Nd7
22. Nf3 Nxe5 23. fxe5 Bb8 24. d4 Qd7 25. Rf2 Rf8 26. Rdf1 b5 27. Nh4 Bh7 28. Bf3
g5 29. Ng2 Qc7 30. Qxb5 f6 31. Ne3 f5 32. Bh5 Kg7 33. Nc2 Bg6 34. Bxg6 Kxg6 35.
Ne1 Qe7 36. Nd3 Bc7 37. Nc5 Qe8 38. Qd3 Kg7 39. Qa6 Bb6 40. Na4 Rb8 41. Nxb6
axb6 42. b3 Qc6 43. Rc1 Ra8 44. Qd3 Ra3 45. Rfc2 Rfa8 46. Qe2 Qd7 47. Rf1 Qa7
48. Rf2 Rc8 49. g4 f4 50. h4 Qa5 51. Qd3 gxh4 52. Rxf4 Rxa2 53. Rf6 Rxc2+ 54.
Qxc2 Rc7 55. Qg6+ Kh8 56. Rf8# {Black checkmated} 1-0

[Event "Team 45 45 League T51"]
[Site "Internet Chess Club"]
[Date "2012.01.11"]
[Round "9"]
[White "plutonas"]
[Black "quotha"]
[Result "1-0"]
[WhiteElo "1465"]
[BlackElo "1692"]
[Opening "Queen's gambit declined"]
[ECO "D30"]
[Time "15:00:39"]
[TimeControl "2700+45"]

1. d4 d5 2. c4 e6 3. e3 Nf6 4. Nc3 Be7 5. Nf3 O-O 6. Bd3 dxc4 7. Bxc4 b6 8. O-O
Bb7 9. Qc2 c5 10. Rd1 Qc7 11. e4 cxd4 12. Nxd4 Qxc4 13. b3 Qc7 14. f3 e5 15. Nf5
Bc5+ 16. Kh1 Rd8 17. Bg5 Bd4 18. Bxf6 gxf6 19. Qd2 Bc8 20. Nxd4 Rxd4 21. Nb5 Qe7
22. Nxd4 exd4 23. Qxd4 Kg7 24. Qd8 Qb7 25. Rac1 Be6 26. Rc7 Nc6 27. Rxb7 Nxd8
28. Rc7 Kg6 29. h3 f5 30. exf5+ Kxf5 31. g4+ Kf4 32. Kg2 Ke5 33. Kg3 a5 34. f4+
Kf6 35. f5 Bxf5 36. gxf5 Kxf5 37. Rf1+ Kg6 38. Re7 Rc8 39. Re8 Rc3+ 40. Rf3
Rxf3+ 41. Kxf3 Ne6 42. Rb8 b5 43. Ke4 a4 44. Rxb5 axb3 45. Rxb3 Nc5+ 46. Kf4
Nxb3 47. axb3 Kf6 48. h4 Ke6 49. h5 h6 50. b4 Kf6 51. b5 Ke6 52. b6 Kd6 53. Kf5
Kc6 54. Kf6 Kxb6 55. Kxf7 {Black resigns} 1-0

[Event "Team 45 45 League T51"]
[Site "Internet Chess Club"]
[Date "2012.01.15"]
[Round "9"]
[White "King-Ghost"]
[Black "Zumbi"]
[Result "1/2-1/2"]
[WhiteElo "2166"]
[BlackElo "2171"]
[Opening "Dutch defense"]
[ECO "A13"]
[Time "19:18:04"]
[TimeControl "2700+45"]

1. c4 e6 2. d4 f5 3. g3 d5 4. Bg2 c6 5. Nf3 Nf6 6. b3 Bd6 7. O-O Qe7 8. a4 O-O
9. Bg5 Nbd7 10. a5 h6 11. Bd2 Ne4 12. Nc3 Ndf6 13. Nxe4 Nxe4 14. c5 Bc7 15. Bf4
Bxf4 16. gxf4 Nf6 17. Ne5 Ng4 18. Ng6 Qc7 19. e3 Rf6 20. Ne5 Nxe5 21. fxe5 Rg6
22. Kh1 Bd7 23. Bf3 Be8 24. Bh5 Rg5 25. Be2 f4 26. exf4 Rf5 27. Bg4 Rxf4 28.
Bxe6+ Bf7 29. Qd2 Rf3 30. Bg4 Rxb3 31. f4 Qe7 32. Rae1 Rf8 33. f5 Qh4 34. Rg1
{Game drawn by mutual agreement} 1/2-1/2

[Event "Team 45 45 League T51"]
[Site "Internet Chess Club"]
[Date "2012.01.15"]
[Round "9"]
[White "grabuark"]
[Black "LittleWarrior"]
[Result "1/2-1/2"]
[WhiteElo "2111"]
[BlackElo "1959"]
[Opening "Caro-Kann: advance variation"]
[ECO "B12"]
[Time "18:00:09"]
[TimeControl "2700+45"]

1. e4 c6 2. d4 d5 3. e5 Bf5 4. Nf3 e6 5. Be2 Nd7 6. O-O Ne7 7. Nbd2 Qc7 8. Nb3
Nc8 9. Nh4 Be4 10. f3 Bg6 11. Be3 Be7 12. Bf2 Ncb6 13. Nxg6 hxg6 14. a4 c5 15.
c3 Nc4 16. Bxc4 dxc4 17. Nd2 cxd4 18. cxd4 Bb4 19. Rc1 Bxd2 20. Qxd2 Rc8 21. Rc3
Qd8 22. Qc1 Nb6 23. a5 Nd5 24. Rxc4 Rxc4 25. Qxc4 O-O 26. Qb5 b6 27. axb6 Qxb6
28. Qxb6 axb6 29. Rc1 Ra8 30. g3 g5 31. Kf1 Kh7 32. Ke2 Ra2 33. Rc2 Kg6 34. Be1
Ra1 35. Kd2 Rb1 36. Ke2 Ra1 {Game drawn by mutual agreement} 1/2-1/2

[Event "Team 45 45 League T51"]
[Site "Internet Chess Club"]
[Date "2012.01.15"]
[Round "9"]
[White "UsuallySleepy"]
[Black "Tobiasdelmonte"]
[Result "1-0"]
[WhiteElo "1944"]
[BlackElo "1913"]
[Opening "Alekhine's defense: modern, Larsen variation"]
[ECO "B04"]
[Time "21:01:45"]
[TimeControl "2700+45"]

1. e4 Nf6 2. e5 Nd5 3. d4 d6 4. Nf3 dxe5 5. Nxe5 c6 6. Be2 Bf5 7. O-O Nd7 8. Nf3
h6 9. c4 Nb4 10. Nc3 Nc2 11. Rb1 Nb4 12. Be3 Bxb1 13. Qxb1 g5 14. a3 Na6 15. d5
c5 16. Ne4 Bg7 17. Ng3 Qb6 18. b4 Bf6 19. Rd1 O-O-O 20. Ne4 Bg7 21. b5 f5 22.
Nexg5 hxg5 23. bxa6 Qxa6 24. Qxf5 Rdf8 25. Qe4 Qxa3 26. Nxg5 Bd4 27. Ne6 Bxe3
28. Nxf8 Bxf2+ 29. Kxf2 Rxf8+ 30. Kg1 Kd8 31. Bf3 Rf6 32. Re1 Qc3 33. Qxe7+ Kc7
34. Qe4 Rf4 35. Qxf4+ {Black resigns} 1-0

[Event "Team 45 45 League T51"]
[Site "Internet Chess Club"]
[Date "2012.01.15"]
[Round "9"]
[White "Goli"]
[Black "upsan"]
[Result "1/2-1/2"]
[WhiteElo "1906"]
[BlackElo "1811"]
[Opening "French: exchange variation"]
[ECO "C01"]
[Time "11:30:11"]
[TimeControl "2700+45"]

1. e4 e6 2. d4 d5 3. exd5 exd5 4. Bd3 Bd6 5. Ne2 Ne7 6. Nbc3 c6 7. Bg5 O-O 8.
Qd2 Re8 9. O-O-O Na6 10. Bxa6 bxa6 11. Rde1 Bf5 12. f3 f6 13. Bf4 Rb8 14. Bxd6
Qxd6 15. Na4 Ng6 16. g4 Nh4 17. Ref1 Bd7 18. Nc5 Ng2 19. Rf2 Ne3 20. b3 Re7 21.
Ng3 Rbe8 22. Re2 f5 23. gxf5 Nxf5 24. Rxe7 Rxe7 25. Re1 Rxe1+ 26. Qxe1 Nxd4 27.
Nxd7 Qxd7 28. Qe5 c5 29. Qb8+ Kf7 30. Qf4+ Ke6 31. Kb2 Qf7 32. Qe3+ Kd6 33. f4
Nc6 34. f5 Qf6+ 35. Kb1 Qe5 36. Qd3 Nb4 37. Qd2 a5 38. a3 Nc6 39. Qd3 Qd4 40.
Qe2 Qe5 41. Qd3 Kc7 42. Qb5 Kd6 43. Qd3 Qe1+ 44. Kb2 Qe5+ 45. Kb1 {Game drawn by
repetition} 1/2-1/2

[Event "Team 45 45 League T51"]
[Site "Internet Chess Club"]
[Date "2012.01.14"]
[Round "9"]
[White "Boromir"]
[Black "Fezzik"]
[Result "1/2-1/2"]
[WhiteElo "1933"]
[BlackElo "2121"]
[Opening "Grünfeld: Smyslov defense"]
[ECO "D10"]
[Time "03:00:20"]
[TimeControl "2700+45"]

1. d4 d5 2. c4 c6 3. e3 Nf6 4. Nc3 g6 5. Nf3 Bg7 6. Bd3 O-O 7. O-O Bg4 8. h3
Bxf3 9. Qxf3 e6 10. Rd1 Nbd7 11. b3 Re8 12. Bb2 Qe7 13. Bc2 Rac8 14. Rac1 dxc4
15. bxc4 e5 16. Bb3 exd4 17. exd4 Nf8 18. d5 Ne4 19. Qxe4 Qxe4 20. Nxe4 Bxb2 21.
Nd6 Bxc1 22. Rxc1 Rb8 23. Nxe8 Rxe8 24. Kf1 Nd7 25. dxc6 bxc6 26. Rd1 {Game
drawn by mutual agreement} 1/2-1/2

[Event "Team 45 45 League T51"]
[Site "Internet Chess Club"]
[Date "2012.01.15"]
[Round "9"]
[White "Pacini"]
[Black "cesaralexander"]
[Result "1-0"]
[WhiteElo "2091"]
[BlackElo "1838"]
[Opening "French: Two knights variation"]
[ECO "C00"]
[Time "15:03:59"]
[TimeControl "2700+45"]

1. e4 e6 2. Nf3 d5 3. Nc3 Nf6 4. e5 Nfd7 5. d4 a6 6. Bd3 c5 7. dxc5 Nc6 8. Bf4
Bxc5 9. O-O b5 10. a3 Bb7 11. h4 Qc7 12. Re1 Qb6 13. Bg3 h6 14. b4 Be7 15. Qd2
Nd4 16. Nxd4 Qxd4 17. Ne2 Qa7 18. a4 bxa4 19. Rxa4 Nb6 20. Bb5+ Kf8 21. Ra2 Nc4
22. Bxc4 dxc4 23. c3 Rd8 24. Nd4 Qb6 25. Rd1 g6 26. Qe2 Kg7 27. h5 g5 28. Qxc4
Rc8 29. Qd3 Rhd8 30. Qe3 Bd5 31. Nf5+ exf5 32. Qxb6 Bxa2 33. Rxd8 Rxd8 34. Qxa6
Rd1+ 35. Kh2 Be6 36. f3 Rc1 37. Qd3 f6 38. Qd2 Rb1 39. Qd4 Kf7 40. exf6 Bxf6 41.
Be5 Bxe5+ 42. Qxe5 g4 43. fxg4 fxg4 44. Qe4 Rb3 45. Qh7+ Ke8 46. Qxh6 g3+ 47.
Kxg3 Rxc3+ 48. Kh2 {Black resigns} 1-0

[Event "Team 45 45 League T51"]
[Site "Internet Chess Club"]
[Date "2012.01.15"]
[Round "9"]
[White "zap2"]
[Black "kidviper"]
[Result "0-1"]
[WhiteElo "1786"]
[BlackElo "1957"]
[Opening "Réti opening"]
[ECO "A04"]
[Time "15:05:22"]
[TimeControl "2700+45"]

1. Nf3 c5 2. g3 Nc6 3. Bg2 g6 4. O-O e5 5. d3 d6 6. Nbd2 Bg7 7. Re1 Nge7 8. e4
h6 9. a4 Be6 10. c3 O-O 11. Qe2 a6 12. Nc4 f5 13. Bh3 Kh8 14. Nh4 d5 15. exd5
Bxd5 16. Bxh6 Bxh6 17. Nxe5 Qd6 18. f4 Rae8 19. Nhf3 Bxf3 20. Qxf3 Bg7 21. Nc4
Qd5 22. Bg2 Qxf3 23. Bxf3 Nc8 24. a5 Rd8 25. Rad1 Rf6 26. Kf2 Rf7 27. Re3 Rfd7
28. h3 Bf6 29. Re6 Kg7 30. Bxc6 bxc6 31. Rxc6 Nd6 32. Ne5 Ne4+ 33. Ke3 Bxe5 34.
fxe5 Nxg3 35. Rxc5 Nh5 36. d4 Rd5 37. Rc7+ Kh6 38. Ra1 Kg5 39. Rc6 f4+ 40. Kf3
Ng3 41. h4+ Kh5 42. Kxf4 Nf5 43. Rxa6 Nxh4 44. Rh1 g5+ 45. Ke4 Rb5 46. Rh2 g4
47. Ra7 Rh8 48. Kf4 Rf8+ 49. Ke4 Rh8 50. c4 Rb4 51. c5 g3 52. Rh3 Kg4 53. Rh1
Rg8 54. Rf7 g2 55. Rf4+ Kg3 56. Rhxh4 g1=Q 57. Kd5 Qg2+ 58. Kd6 Rg6+ 59. e6 Qe2
60. Re4 Qa6+ 61. c6 Qxa5 62. Kd7 Rb8 63. c7 Rb7 64. e7 Qxc7+ 65. Ke8 Rg7 66. Kf8
Rg5 67. Rhf4 Rb6 68. d5 Rbg6 69. d6 Qxd6 70. Ke8 Re6 71. Rxe6 Qxe6 72. Rf8 Rg7
{White resigns} 0-1

[Event "Team 45 45 League T51"]
[Site "Internet Chess Club"]
[Date "2012.01.16"]
[Round "9"]
[White "RD1974"]
[Black "Kheeljoi"]
[Result "0-1"]
[WhiteElo "1656"]
[BlackElo "1857"]
[Opening "Sicilian"]
[ECO "B50"]
[Time "19:18:33"]
[TimeControl "2700+45"]

1. e4 c5 2. Nf3 d6 3. g3 Nc6 4. Bg2 g6 5. O-O Bg7 6. c3 Nf6 7. d3 O-O 8. h3 Rb8
9. Be3 b5 10. Qd2 b4 11. Bh6 Qb6 12. Bxg7 Kxg7 13. Re1 bxc3 14. bxc3 Qb2 15.
Qxb2 Rxb2 16. d4 h6 17. e5 dxe5 18. Nxe5 Nxe5 19. dxe5 Nh7 20. f4 Rd8 21. c4 Nf8
22. a4 Ne6 23. Bd5 Nd4 24. Na3 Ne2+ 25. Kf2 Nxf4+ 26. Kf3 Nxd5 27. cxd5 Rxd5 28.
Nc4 Rd3+ 29. Re3 Rbb3 30. Rxd3 Rxd3+ 31. Kf2 Bxh3 32. Na5 Rd7 33. Rc1 Rc7 34.
Nc4 Be6 35. Na3 c4 36. Nb5 Rb7 37. Nc3 Rb2+ 38. Ke3 h5 39. Nb5 Rg2 40. Kf3 Bd5+
41. Kf4 f6 42. Nc3 Bc6 43. exf6+ exf6 44. Re1 Kf7 45. Nb5 g5+ 46. Ke3 Rxg3+ 47.
Kd4 Bxb5 48. axb5 h4 49. Ra1 Rd3+ 50. Kxc4 Rd7 51. Rh1 f5 52. Kc5 Kf6 53. Kc6
Re7 54. Kd6 f4 55. Kc6 Kf5 56. Kd6 Rh7 57. Re1 h3 58. Re5+ Kg4 59. Ke6 h2 60.
Kf6 Rh5 {White resigns} 0-1

[Event "Team 45 45 League T51"]
[Site "Internet Chess Club"]
[Date "2012.01.12"]
[Round "9"]
[White "mongmong"]
[Black "kidcobra"]
[Result "0-1"]
[WhiteElo "1604"]
[BlackElo "1632"]
[Opening "Colle system"]
[ECO "D05"]
[Time "16:31:09"]
[TimeControl "2700+45"]

1. d4 d5 2. Nf3 Nf6 3. e3 e6 4. Bd3 c5 5. c3 Nc6 6. Nbd2 Bd6 7. O-O O-O 8. Qe2
c4 9. Bc2 e5 10. dxe5 Nxe5 11. Nxe5 Bxe5 12. Rd1 Qc7 13. Nf3 Bg4 14. h3 Bh5 15.
g4 Bg6 16. Kg2 Bxc2 17. Qxc2 Rad8 18. Nxe5 Qxe5 19. Rd4 Rfe8 20. Bd2 Ne4 21. Rd1
Nxf2 22. Kxf2 Qh2+ 23. Ke1 Qg1+ 24. Ke2 Qg2+ 25. Ke1 Rxe3+ 26. Bxe3 Qxc2 27.
R1d2 Qb1+ 28. Kf2 Qh1 29. Rxc4 Re8 30. Rf4 Qh2+ 31. Kf3 Qxh3+ {White resigns}
0-1

[Event "Team 45 45 League T51"]
[Site "Internet Chess Club"]
[Date "2012.01.15"]
[Round "9"]
[White "chicopee-ed"]
[Black "seattleblues"]
[Result "0-1"]
[WhiteElo "1349"]
[BlackElo "1470"]
[Opening "Dutch"]
[ECO "A80"]
[Time "19:00:58"]
[TimeControl "2700+45"]

1. d4 f5 2. Nc3 Nf6 3. Bg5 e6 4. Nf3 Bb4 5. e3 O-O 6. Bd3 b6 7. e4 Bxc3+ 8. bxc3
Qe8 9. e5 Ne4 10. Bxe4 fxe4 11. Nd2 Bb7 12. Nc4 Qg6 13. Be7 Rf7 14. Ne3 Rxe7 15.
O-O Nc6 16. Qe2 a5 17. Qe1 Ba6 18. c4 Nxd4 19. Qd1 Nf3+ 20. Kh1 Nxe5 21. Qd4 Ng4
22. Nxg4 Qxg4 23. f3 Qg6 24. fxe4 Bb7 25. Rae1 c5 26. Qd2 Bxe4 27. Rf2 Bxc2 28.
Qxc2 Qxc2 29. Rxc2 Rf8 30. h3 Ref7 31. Kh2 Rf2 32. Ree2 Rxe2 33. Rxe2 Rf4 34.
Rb2 Rxc4 35. Rxb6 Kf7 36. Rb5 a4 {White resigns} 0-1

[Event "Team 45 45 League T51"]
[Site "Internet Chess Club"]
[Date "2012.01.16"]
[Round "9"]
[White "otherook"]
[Black "Killian"]
[Result "0-1"]
[WhiteElo "1780"]
[BlackElo "2034"]
[Opening "English: closed system"]
[ECO "A25"]
[Time "17:00:20"]
[TimeControl "2700+45"]

1. c4 e5 2. g3 Nc6 3. Bg2 g6 4. Nc3 Bg7 5. Nf3 d6 6. O-O Be6 7. d3 h6 8. Rb1 Qd7
9. b4 Nge7 10. b5 Nd8 11. Nd2 O-O 12. Nd5 f5 13. e3 g5 14. Nxe7+ Qxe7 15. f4 g4
16. Bb2 a6 17. a4 axb5 18. axb5 c6 19. bxc6 bxc6 20. Qb3 Ra7 21. Bc3 Qc7 22. Qb8
Qxb8 23. Rxb8 Ra3 24. Rb3 Rxb3 25. Nxb3 e4 26. Bxg7 Kxg7 27. Nd4 exd3 28. Nxe6+
Nxe6 29. Bxc6 Rb8 30. Bd7 Kf6 31. Bxe6 Kxe6 32. Rd1 Rb3 33. Kf2 d5 34. c5 Kd7
35. Ke1 Kc6 36. Rc1 Rb2 37. Rc3 Re2+ 38. Kd1 Rxh2 39. Rxd3 Rg2 40. Ra3 Rxg3 41.
Ra6+ Kxc5 42. Rxh6 Rxe3 43. Rf6 Kd4 44. Rxf5 Ke4 45. Rg5 Kxf4 46. Rxd5 g3 47.
Rd4+ Kf3 48. Rd8 Kf2 49. Rd2+ Kf1 50. Rd8 Rf3 51. Re8 g2 52. Rg8 g1=Q 53. Rxg1+
Kxg1 54. Ke2 Ra3 55. Kd2 Kf2 56. Kc2 Re3 57. Kd2 Kf3 58. Kc2 Ke4 59. Kd2 Rh3 60.
Kc2 Kd4 61. Kb2 Kc4 62. Ka2 Kb4 63. Kb2 Rh2+ 64. Kc1 Kb3 65. Kd1 Kc3 66. Ke1 Kd3
67. Kf1 Ke3 68. Kg1 Ra2 69. Kf1 Rb2 70. Kg1 Kf3 71. Kh1 Kg3 72. Kg1 Rb1# {White
checkmated} 0-1

[Event "Team 45 45 League T51"]
[Site "Internet Chess Club"]
[Date "2012.01.16"]
[Round "9"]
[White "ILRE"]
[Black "Razorbackchess"]
[Result "1/2-1/2"]
[WhiteElo "1665"]
[BlackElo "1671"]
[Opening "English opening"]
[ECO "A16"]
[Time "08:14:28"]
[TimeControl "2700+45"]

1. c4 Nf6 2. Nc3 g6 3. Nf3 Bg7 4. g3 O-O 5. Bg2 d6 6. d3 c6 7. O-O Nbd7 8. b4 a5
9. Rb1 axb4 10. Rxb4 Ne8 11. Ra4 Rxa4 12. Nxa4 e5 13. Nc3 h6 14. Qc2 f5 15. e3
g5 16. Ne2 Qf6 17. Bb2 Qg6 18. Nd2 Nc5 19. d4 Ne6 20. d5 cxd5 21. cxd5 Nc5 22.
Nb3 b6 23. Nxc5 bxc5 24. Nc1 Qh5 25. Nb3 f4 26. exf4 exf4 27. Bxg7 Nxg7 28. Re1
Bf5 29. Qc4 fxg3 30. fxg3 Re8 31. Rxe8+ Qxe8 32. Qc1 Be4 33. Qe1 Bxg2 34. Qxe8+
Nxe8 35. Kxg2 Nc7 36. Na5 Nxd5 37. Nc4 Nb4 38. Nxd6 Nxa2 39. Nc4 Kf7 40. Kf3 h5
41. Ke4 Ke6 42. Ke3 Nb4 43. Nd2 Ke5 44. Nf3+ Kf5 45. h3 g4 46. hxg4+ Kxg4 47.
Kf2 Nd3+ 48. Kg2 c4 49. Nh2+ Kf5 50. Kf3 c3 51. g4+ hxg4+ 52. Nxg4 Ne1+ 53. Ke2
Kxg4 54. Kxe1 Kf3 55. Kd1 Ke3 56. Kc2 Kd4 57. Kc1 Kd3 58. Kd1 {Game drawn by
mutual agreement} 1/2-1/2

[Event "Team 45 45 League T51"]
[Site "Internet Chess Club"]
[Date "2012.01.13"]
[Round "9"]
[White "Invicta-Knight"]
[Black "Helaman"]
[Result "0-1"]
[WhiteElo "1470"]
[BlackElo "1551"]
[Opening "Vienna gambit"]
[ECO "B00"]
[Time "12:21:58"]
[TimeControl "2700+45"]

1. e4 Nc6 2. Nc3 e5 3. f4 d5 4. Nxd5 Nf6 5. Nxf6+ Qxf6 6. Nf3 Bc5 7. Bc4 O-O 8.
d3 Bg4 9. h3 Bxf3 10. Qxf3 Nd4 11. Qf2 Nb3 12. Qf3 Nxa1 13. Qf2 {White resigns}
0-1

[Event "Team 45 45 League T51"]
[Site "Internet Chess Club"]
[Date "2012.01.14"]
[Round "9"]
[White "BrandonBee"]
[Black "Whalen"]
[Result "0-1"]
[WhiteElo "1577"]
[BlackElo "1678"]
[Opening "Sicilian: Canal-Sokolsky attack, Sokolsky variation"]
[ECO "B52"]
[Time "09:00:05"]
[TimeControl "2700+45"]

1. e4 c5 2. Nf3 d6 3. Bb5+ Bd7 4. Bxd7+ Qxd7 5. c4 Nf6 6. Nc3 Nc6 7. O-O e6 8.
d4 cxd4 9. Nxd4 Be7 10. Be3 O-O 11. Qe2 Rac8 12. Rfd1 Ne5 13. b3 a6 14. Rac1
Rfe8 15. f3 h6 16. Qf2 Bd8 17. Nde2 Qc7 18. h3 Nh7 19. Qg3 Kh8 20. Nf4 Qa5 21.
Rxd6 Bc7 22. Rdd1 g5 23. Bd4 gxf4 24. Qxf4 f6 25. Qxh6 Bb6 26. Kh1 Bxd4 27. Rxd4
Nf7 28. Qg6 Qg5 29. Qxg5 Nfxg5 30. f4 e5 31. fxe5 Rxe5 32. Rd5 Rce8 33. Re1 Nf8
34. Rxe5 Rxe5 35. Nd5 Nxe4 36. Kg1 Kg7 37. Nf4 Ng6 38. Nd3 Re7 39. g4 Kf7 40.
Nf2 Nc3 41. Rxe7+ Kxe7 42. a4 Nf4 43. h4 Nfe2+ 44. Kg2 Nd4 45. Nd3 Nxb3 46. Nb2
a5 47. Kf3 Nc5 48. Kf4 N3xa4 49. Nxa4 Nxa4 50. h5 Kf7 51. g5 fxg5+ 52. Kxg5 Kg7
53. h6+ Kh7 54. Kf6 Nc5 55. Ke5 a4 56. Kd4 b6 57. Kc3 Kxh6 58. Kb4 Kg5 {White
resigns} 0-1

[Event "Team 45 45 League T51"]
[Site "Internet Chess Club"]
[Date "2012.01.16"]
[Round "9"]
[White "otib2006"]
[Black "Cicero"]
[Result "1-0"]
[WhiteElo "1251"]
[BlackElo "1324"]
[Opening "Sicilian defense"]
[ECO "B20"]
[Time "16:11:40"]
[TimeControl "2700+45"]

1. e4 c5 2. Bc4 e6 3. Nf3 g6 4. O-O Bg7 5. d3 d5 6. exd5 exd5 7. Re1+ Be6 8. Bb3
Ne7 9. Ba4+ Nbc6 10. Bxc6+ Nxc6 11. Ng5 O-O 12. Rxe6 fxe6 13. Nxe6 Qf6 14. Nxf8
Rxf8 15. Qf1 b5 16. Nc3 Nd4 17. Nxd5 Qe5 18. Ne3 h5 19. c3 Nf3+ 20. gxf3 Rxf3
21. Qg2 Rf4 22. Bd2 Qe6 23. Qd5 Qxd5 24. Nxd5 Rg4+ 25. Kh1 Kf7 26. Rg1 Ra4 27.
a3 Be5 28. Re1 Ke6 29. Nc7+ Kd6 30. Nxb5+ Ke6 31. d4 cxd4 32. cxd4 a6 33. Rxe5+
Kd7 34. b3 axb5 35. bxa4 bxa4 36. Ra5 Kc6 37. Rxa4 Kb5 38. Ra5+ Kc4 39. Rg5 Kxd4
40. Rxg6 Kd3 41. Bg5 Kd4 42. Rb6 Ke4 43. a4 h4 44. Bxh4 Kd5 45. a5 Kc5 46. Rb1
Kc6 47. a6 Kc7 48. a7 Kc6 49. a8=Q+ Kc7 50. Bg3+ Kd7 51. h4 Ke7 52. h5 Kf7 53.
Rb7+ Ke6 54. Qa6+ Kd5 55. Rb5+ Ke4 56. Qa4+ Kf3 57. Rb3+ Ke2 58. Qa2+ Kf1 59.
Rb1# {Black checkmated} 1-0

[Event "Team 45 45 League T51"]
[Site "Internet Chess Club"]
[Date "2012.01.15"]
[Round "9"]
[White "IanT"]
[Black "dpmdpm"]
[Result "1-0"]
[WhiteElo "1452"]
[BlackElo "1548"]
[Opening "Sicilian: Alapin's variation (2.c3)"]
[ECO "B22"]
[Time "07:04:43"]
[TimeControl "2700+45"]

1. e4 c5 2. c3 d5 3. exd5 Qxd5 4. d4 Nc6 5. Nf3 Bg4 6. Be3 cxd4 7. Bxd4 Nxd4 8.
cxd4 Qa5+ 9. Nc3 Nf6 10. Be2 a6 11. O-O e6 12. a3 Bd6 13. h3 Bh5 14. Qa4+ Qxa4
15. Nxa4 O-O 16. Rac1 Bf4 17. Rc2 Rfc8 18. Rxc8+ Rxc8 19. Nc5 Rc7 20. Rd1 Nd7
21. b3 Nxc5 22. dxc5 f6 23. b4 Kf7 24. g3 Bh6 25. Ne5+ fxe5 26. Bxh5+ g6 27. Bf3
Ke7 28. Kf1 Bg7 29. Rd2 Bh6 30. Rd1 Bg7 31. Ke2 Kf6 32. Rd6 Kf5 33. Bg4+ Ke4 34.
f3# {Black checkmated} 1-0